 Dungeon Crawl Stone Soup version 0.17.1-2-g5865329 (webtiles) character file.

4364 Jerry the Tainter (level 10, -9/56 HPs)
             Began as an Octopode Wizard on Feb 9, 2016.
             Was a Believer of Vehumet.
             Mangled by an orc warrior
             ... wielding a +0 trident
              (12 damage)
             ... on level 9 of the Dungeon on Feb 10, 2016.
             The game lasted 01:33:30 (12704 turns).

Jerry the Tainter (Octopode Wizard)                Turns: 12704, Time: 01:33:30

Health: -9/56      AC:  4    Str: 10      XL:     10   Next: 34%
Magic:  16/19      EV: 12    Int: 24      God:    Vehumet [**....]
Gold:   398        SH:  0    Dex:  6 (10) Spells: 5 memorised, 7 levels left

rFire  . . .     SeeInvis .     I - +5 scythe "Finisher" {speed, Str+3}
rCold  + . .     Clarity  +     (shield currently unavailable)
rNeg   + . .     SustAt   .     a - +0 hat
rPois  .         Gourm    .     L - amulet of clarity
rElec  .         Spirit   .     F - +3 ring of protection
rCorr  .         Warding  .     D - ring of flight
rMut   .         Stasis   .     M - ring of positive energy
MR     .....                    d - ring of invisibility
Stlth  +++.......               (no ring)
                                (no ring)
                                (no ring)
                                (no ring)

@: not resistant to hostile enchantments, fairly stealthy
A: almost no armour, amphibious, 8 rings, constrict 8, beak, camouflage 1, cold
resistance 1, gelatinous body 1
a: Renounce Religion, Evoke Invisibility, Evoke Flight


You were on level 9 of the Dungeon.
You worshipped Vehumet.
Vehumet was pleased with you.
You were not hungry.

You visited 2 branches of the dungeon, and saw 10 of its levels.

You collected 398 gold pieces.

Inventory:

Hand Weapons
 C - a +1 whip of freezing
 E - a +4 dagger of speed
 I - the +5 scythe "Finisher" (weapon) {speed, Str+3}
   (You took it off an orc on level 5 of the Dungeon)

   Attacks with this weapon are significantly faster.
   It affects your strength (+3).
Armour
 a - a +0 hat (worn)
Magical Staves
 s - an uncursed staff of cold
Jewellery
 d - a ring of invisibility (on tentacle)
 f - an uncursed amulet of resist mutation
 D - a ring of flight (right tentacle)
 F - a +3 ring of protection (left tentacle)
 L - an amulet of clarity (around mantle)
 M - a ring of positive energy (on tentacle)
Wands
 y - a wand of slowing (48)
 z - a wand of flame (24)
Scrolls
 g - 2 scrolls of teleportation
 k - 2 scrolls of fog
 p - 2 scrolls of recharging
 r - 2 scrolls of enchant weapon
 t - 4 scrolls of remove curse
 B - 2 scrolls of amnesia
 J - 4 scrolls of identify
 K - a scroll of immolation {unknown}
 N - a scroll of noise {unknown}
Potions
 e - a potion of might
 h - a potion of ambrosia {unknown}
 i - a potion of magic {unknown}
 l - 3 potions of curing
 m - 2 potions of haste {unknown}
 n - a potion of resistance {unknown}
 o - a potion of cancellation {unknown}
 q - a potion of lignification {unknown}
 v - 2 potions of invisibility {unknown}
 w - 3 potions of cure mutation
 x - a potion of brilliance
 A - 2 potions of degeneration
 H - 2 potions of poison {unknown}
 O - a potion of agility {unknown}
 Q - a potion of berserk rage {unknown}
Books
 b - a book of Minor Magic

   Spells                             Type                      Level
   a - Magic Dart                     Conjuration                  1
   b - Blink                          Translocation                2
   c - Call Imp                       Summoning                    2
   d - Repel Missiles                 Charms/Air                   2
   e - Slow                           Hexes                        2
   f - Conjure Flame                  Conjuration/Fire             3
   g - Mephitic Cloud                 Conjuration/Poison/Air       3
 u - a book of Envenomations

   Spells                             Type                      Level
   a - Spider Form                    Transmutation/Poison         3
   b - Alistair's Intoxication        Transmutation/Poison         4
   c - Olgreb's Toxic Radiance        Poison                       4
   d - Poisonous Cloud                Conjuration/Poison/Air       6
 P - a book of Battle

   Spells                             Type                      Level
   a - Infusion                       Charms                       1
   b - Shroud of Golubria             Charms/Translocation         2
   c - Song of Slaying                Charms                       2
   d - Spectral Weapon                Hexes/Charms                 3
   e - Regeneration                   Charms/Necromancy            3
Comestibles
 c - 3 bread rations
 j - a slice of pizza
 G - a meat ration
 R - 2 chunks of flesh


   Skills:
 - Level 3.0 Dodging
 - Level 2.6 Stealth
 + Level 6.6 Spellcasting
 + Level 7.2 Conjurations
   Level 1.0 Summonings
 - Level 3.0 Translocations
 + Level 4.0 Fire Magic
 - Level 6.0 Air Magic
 + Level 8.7 Poison Magic


You had 7 spell levels left.
You knew the following spells:

 Your Spells              Type           Power        Failure   Level  Hunger
a - Magic Dart            Conj           ####         1%          1    None
b - Blink                 Tloc           N/A          3%          2    None
c - Mephitic Cloud        Conj/Pois/Air  #####...     1%          3    None
d - Poisonous Cloud       Conj/Pois/Air  #####.....   58%         6    ######.
e - Conjure Flame         Conj/Fire      #####...     2%          3    None


Dungeon Overview and Level Annotations

Branches:
Dungeon (10/15)            Temple (1/1) D:4
   Lair: D:8-11         Orc: D:9-12

Altars:
Ashenzari
Cheibriados
Dithmenos
Elyvilon
Gozag
Kikubaaqudgha
Makhleb
Nemelex Xobeh
Okawaru
Qazlal
Ru
Sif Muna
Trog
Vehumet
Xom
Yredelemnul
Zin
The Shining One

Shops:
D:4 (

Annotations:
D:10 Erica


Innate Abilities, Weirdness & Mutations

You cannot wear most types of armour.
You are amphibious.
You can wear up to eight rings at the same time.
You can use your tentacles to constrict eight enemies at once.
Your skin changes colour to match your surroundings (Stealth).
Your rubbery body absorbs attacks (AC +1).
You have a beak for a mouth.
Your flesh is cold resistant.


Message History

* * * LOW HITPOINT WARNING * * *
The orc hits you with a dagger.
* * * LOW HITPOINT WARNING * * *
You climb upwards.
There is a stone staircase leading down here.
Casting: Conjure Flame
Confirm with . or Enter, or press ? or * to list all spells.
Aiming: Mephitic Cloud
Press: ? - help, Shift-Dir - straight line, f - you Really target yourself?
The ball explodes into a vile cloud!
The stinking cloud engulfs you!
The stinking cloud engulfs the orc.
The stinking cloud engulfs the warg.
The warg is lightly wounded.
The stinking cloud engulfs the orc warrior.
You are engulfed in noxious fumes.
You choke on the stench!
You feel momentarily confused.
* * * LOW HITPOINT WARNING * * *
The warg closely misses you.
The orc warrior hits you with a trident!
You die...

..........'..#...............###.
###########..#.#.......##'##.....
#....'...#.#.......'...#.....
#....##..#>#.......#...#'####
###########..#.#.......#........#
..........#..#.........##..##...#
..........#..#######....#..##...#
...#......#..##o§..#.#..#.......#
...#......#####h@§.#.#..#<......#
..............#§§o.#.#..#..##...#
#######'##....#....#.#..#..##...#
.........#....#....#.#..#..#....#
.........#....#....#....#..##...#
...#.....#....#....##########...#
.#...#...#....#....##......##...#
...#...'##....#....##..(...##...#
.#...#........#.[...............#


You could see a warg, an orc warrior and an orc.

Vanquished Creatures
  Pikel (D:7)
  A troll (D:9)
  The ghost of TugoseryaHuesosov the Changer, an amateur OpTm of Makhleb (D:4)
  Sigmund (D:3)
  6 yaks (D:9)
  A hippogriff (D:9)
  2 slaves (D:6)
  A water moccasin (D:9)
  2 sky beasts (D:9)
  2 ogres
  A phantom (D:5)
  A necrophage (D:9)
  4 centaurs
  A crocodile (D:9)
  A big kobold (D:9)
  3 giant frogs
  3 scorpions
  A crimson imp (D:9)
  3 wights (D:9)
  A centaur zombie (D:9)
  6 orc wizards
  A quasit (D:9)
  3 giant frog zombies
  4 orc priests
  Jessica (D:3)
  An iguana (D:7)
  A centaur skeleton (D:6)
  2 worker ants
  A killer bee zombie (D:5)
  4 hound skeletons
  5 gnolls
  8 adders
  3 shadow imps
  An adder zombie (D:5)
  2 oozes
  A worm (D:2)
  An adder skeleton (D:4)
  A giant gecko (D:2)
  30 orcs
  A ball python (D:5)
  13 goblins
  9 hobgoblins
  9 kobolds
  7 quokkas
  7 bats
  4 giant cockroaches
  3 giant newts
  4 jackals
  4 rats
  A plant (D:1)
175 creatures vanquished.

Vanquished Creatures (others)
  An orc (D:7)
1 creature vanquished.

Grand Total: 176 creatures vanquished

Notes
Turn   | Place    | Note
--------------------------------------------------------------
     0 | D:1      | Jerry the Octopode Wizard began the quest for the Orb.
     0 | D:1      | Reached XP level 1. HP: 11/11 MP: 4/4
   397 | D:1      | Reached XP level 2. HP: 17/17 MP: 1/6
  1156 | D:2      | Reached XP level 3. HP: 12/21 MP: 3/7
  1428 | D:2      | Learned a level 2 spell: Blink
  1432 | D:2      | Found an ancient bone altar of Kikubaaqudgha.
  1774 | D:2      | Found a stormy altar of Qazlal.
  1839 | D:2      | Found a snail-covered altar of Cheibriados.
  2629 | D:2      | Reached XP level 4. HP: 16/27 MP: 6/8
  3258 | D:3      | Learned a level 3 spell: Mephitic Cloud
  3336 | D:3      | Noticed Jessica
  3350 | D:3      | Noticed Sigmund
  3764 | D:3      | Reached skill level 1 in Poison Magic
  4028 | D:3      | Reached skill level 1 in Air Magic
  4028 | D:3      | Reached XP level 5. HP: 26/31 MP: 5/9
  4341 | D:3      | Killed Sigmund
  4341 | D:3      | Reached XP level 6. HP: 24/36 MP: 10/10
  4348 | D:3      | Killed Jessica
  4348 | D:3      | Reached skill level 4 in Poison Magic
  5040 | D:4      | Noticed TugoseryaHuesosov's ghost (amateur OpTm)
  5161 | D:4      | Reached XP level 7. HP: 38/41 MP: 11/11
  5180 | D:4      | Learned a level 6 spell: Poisonous Cloud
  5209 | D:4      | Killed TugoseryaHuesosov's ghost
  5306 | D:4      | Reached skill level 5 in Poison Magic
  5498 | D:4      | Found a staircase to the Ecumenical Temple.
  5505 | Temple   | Entered the Ecumenical Temple
  5884 | Temple   | Became a worshipper of Vehumet
  6290 | D:4      | Found Xiwetexu's Weapon Emporium.
  6468 | D:5      | Entered Level 5 of the Dungeon
  6689 | D:5      | Reached XP level 8. HP: 39/46 MP: 0/13
  7333 | D:5      | Found a basalt altar of Yredelemnul.
  7780 | D:5      | Found a shattered altar of Ashenzari.
  7796 | D:5      | Found a burning altar of Makhleb.
  8089 | D:5      | Found a white marble altar of Elyvilon.
  8510 | D:6      | Reached skill level 6 in Poison Magic
  8562 | D:6      | Found a stormy altar of Qazlal.
  8683 | D:6      | Reached skill level 5 in Air Magic
  8753 | D:6      | Found a shadowy altar of Dithmenos.
  9237 | D:6      | Reached skill level 5 in Conjurations
  9351 | D:7      | Noticed Pikel
  9371 | D:7      | Reached * piety under Vehumet
  9371 | D:7      | Offered knowledge of Shock by Vehumet.
  9619 | D:7      | Killed Pikel
  9619 | D:7      | Reached skill level 5 in Spellcasting
  9619 | D:7      | Reached skill level 7 in Poison Magic
  9619 | D:7      | Reached XP level 9. HP: 13/51 MP: 7/16
  9884 | D:7      | Found a sparkling altar of Nemelex Xobeh.
  9957 | D:7      | Found a deep blue altar of Sif Muna.
  9958 | D:7      | Found an opulent altar of Gozag.
  9996 | D:7      | You fall through a shaft for 2 floors!
 10186 | D:9      | Learned a level 3 spell: Conjure Flame
 10286 | D:9      | Reached skill level 1 in Fire Magic
 10308 | D:9      | Found a shadowy altar of Dithmenos.
 10630 | D:9      | HP: 1/51 [centaur/arrow (10)]
 10816 | D:9      | Reached ** piety under Vehumet
 10820 | D:9      | Gained mutation: Your flesh is cold resistant. [mutagenic meat]
 10821 | D:9      | Gained mutation: You have a beak for a mouth. [mutagenic meat]
 10822 | D:9      | Gained mutation: You are agile. (Dex +2) [mutagenic meat]
 10823 | D:9      | Lost mutation: You are agile. (Dex +2) [mutagenic meat]
 10824 | D:9      | Gained mutation: Scrolls take you a little longer to read. [mutagenic meat]
 10825 | D:9      | Lost mutation: Scrolls take you a little longer to read. [mutagenic meat]
 11168 | D:9      | Offered knowledge of Flame Tongue by Vehumet.
 11168 | D:9      | Reached skill level 8 in Poison Magic
 11168 | D:9      | Reached XP level 10. HP: 29/56 MP: 19/19
 12517 | D:10     | Entered Level 10 of the Dungeon
 12526 | D:10     | Noticed Erica
 12704 | D:9      | Mangled by an orc warrior

Action                   |  1- 3 |  4- 6 |  7- 9 | 10-12 || total
-------------------------+-------+-------+-------+-------++-------
Melee: Unarmed           |     2 |       |       |       ||     2
       Dagger            |    34 |    68 |   100 |       ||   202
       Whip              |    20 |     4 |       |       ||    24
       Scythe            |       |       |   105 |    58 ||   163
 Cast: Magic Dart        |    67 |    78 |   192 |    29 ||   366
       Mephitic Cloud    |       |     1 |    14 |     7 ||    22
       Conjure Flame     |       |       |       |     2 ||     2
Evoke: Wand              |     1 |     3 |       |       ||     4
  Use: Scroll            |     2 |     1 |    13 |       ||    16
       Potion            |       |       |     5 |       ||     5
 Stab: Sleeping          |     2 |     1 |     5 |     2 ||    10
       Confused          |       |       |     2 |     5 ||     7
  Eat: Chunk             |     5 |     8 |    16 |     5 ||    34
       Bread ration      |       |       |     2 |       ||     2
